 Dungeon Crawl Stone Soup version 0.30.1-9-gdf580d7c3d (webtiles) character file.

Game seed: 8530120366410492600

894 user102938 the Cleaver (level 8, -7/69 HPs)
             Began as a Hill Orc Fighter on Oct 20, 2023.
             Mangled by Pikel
             ... wielding a +1 whip of electrocution
              (20 damage)
             ... on level 5 of the Dungeon.
             The game lasted 00:09:22 (5498 turns).

user102938 the Cleaver (Hill Orc Fighter)           Turns: 5498, Time: 00:09:24

Health: -7/69      AC: 10    Str: 21    XL:     8   Next: 6%
Magic:  8/8        EV:  7    Int:  8    God:
Gold:   379        SH:  4    Dex: 10    Spells: 7/7 levels left

rFire   . . .        a - +0 war axe
rCold   . . .        c - +0 buckler
rNeg    . . .        j - +0 chain mail
rPois   +            (no helmet)
rElec   .            (no cloak)
rCorr   .            v - +0 pair of gloves
SInv    .            (no boots)
Will    +....        (no amulet) Stlth
                     C - ring of poison resistance
HPRegen 0.31/turn    i - ring of willpower
MPRegen 0.11/turn

%: no passive effects
@: no status effects
A: no striking features
a: no special abilities


You were on level 5 of the Dungeon.
You visited 1 branch of the dungeon, and saw 6 of its levels.

You collected 379 gold pieces.

Inventory:

Hand Weapons
 a - a +0 war axe (weapon)
Missiles
 e - 5 poisoned darts (quivered)
 f - 6 silver javelins
Armour
 c - a +0 buckler (worn)
 j - a +0 chain mail (worn)
 v - a +0 pair of gloves (worn)
Jewellery
 d - a +4 ring of protection
 i - a ring of willpower (right hand)
 n - a ring of willpower
 u - a ring of fire
 B - a +5 ring of evasion
 C - a ring of poison resistance (left hand)
Wands
 t - a wand of iceblast (5)
 D - a wand of polymorph (7)
Scrolls
 g - 2 scrolls of teleportation {unknown}
 k - a scroll of magic mapping {unknown}
 l - a scroll of summoning {unknown}
 o - 2 scrolls of poison {unknown}
 p - a scroll of enchant armour {unknown}
 q - 3 scrolls of identify {unknown}
 r - 2 scrolls of amnesia {unknown}
 s - a scroll of immolation {unknown}
 y - a scroll of enchant weapon {unknown}
 E - a scroll of fear {unknown}
Potions
 b - 3 potions of heal wounds {unknown}
 h - 4 potions of haste {unknown}
 m - 3 potions of lignification {unknown}
 w - a potion of degeneration {unknown}
 x - a potion of flight {unknown}
 z - a potion of resistance {unknown}
 A - a potion of curing {unknown}


   Skills:
 + Level 5.5 Fighting
 - Level 11.0 Axes
 - Level 3.2 Armour
 - Level 3.2 Shields


You had 7 spell levels left.
You didn't know any spells.
Your spell library contained the following spells:

 Spells                   Type           Power      Damage    Failure   Level
 Magic Dart               Conj           0%         1d3       98%         1
 Searing Ray              Conj           0%         2d4       99%         2
 Fulminant Prism          Conj/Hex       0%         3d5       100%        4


Dungeon Overview and Level Annotations

Branches:
Dungeon (6/15)
 Temple: D:4-7

Altars:
Ashenzari
Hepliaklqana
Vehumet
Xom

Annotations:
D:5 Pikel


Message History

Pikel hits you with a +1 whip of electrocution!
An orc comes into view. It is wielding a +0 hand axe.
Pikel hits you with a +1 whip of electrocution.
The lemure closely misses you. You block the lemure's attack.
The orc moves out of view. x2
The lemure hits you but does no damage.
Pikel hits you with a +1 whip of electrocution.
The lemure hits you!
You climb upwards.
There is a stone staircase leading down here.
Unknown command.
You closely miss Pikel.
Pikel is heavily wounded.
You barely miss the lemure. You closely miss the lemure.
The lemure barely misses you. The lemure hits you but does no damage.
You block Pikel's attack.
You hit Pikel.
Pikel is heavily wounded.
You slash the lemure! You completely miss the lemure. You closely miss Pikel.
Pikel is heavily wounded.
You hit the lemure but do no damage. x2
The lemure hits you but does no damage.
Pikel hits you with a +1 whip of electrocution.
The lemure hits you.
* * * LOW HITPOINT WARNING * * *
You slash Pikel!
Pikel is severely wounded.
You closely miss the lemure. You hit the lemure.
The lemure hits you but does no damage.
Pikel hits you with a +1 whip of electrocution.
* * * LOW HITPOINT WARNING * * *
The lemure barely misses you.
You hit Pikel.
Pikel is severely wounded.
You hit the lemure. You closely miss the lemure.
Pikel hits you with a +1 whip of electrocution.
* * * LOW HITPOINT WARNING * * *
You are electrocuted!!
You die...

#.####..###SS#..#.##.# #
##.##..≈S SNNN#.....#.# #
#...#.§.#..###......#.# #
#...####### #########.# #
#........# #.......#.# ##
#....<...# #.........# #.
#........####.......### ##.
######......#K......########..
###..#.5@##.##...........
##..##5##.##...........
##....##.##.<.........
####.##.##...........
#..#.##......)....
#####...###..........
#.......###..........
#.......##..###.#####
#...........# #.# #


You could see Pikel and 2 lemures.

Vanquished Creatures
  Eustachio (D:4)
  Menkaure (D:4)
  Duvessa (D:4)
  An ogre (D:5)
  A lemure (D:6)
  A scorpion (D:4)
  Dowan (D:4)
  A howler monkey (D:5)
  2 jellies
  2 hounds
  An iguana (D:4)
  An orc wizard (D:5)
  4 gnolls
  4 adders
  An ufetubus (D:5)
  3 worms
  7 orcs
  6 ball pythons
  4 bats (D:1)
  9 endoplasms
  7 giant cockroaches
  A goblin (D:1)
  2 hobgoblins
  A jackal (D:3)
  5 kobolds
  3 frilled lizards
  3 rats
74 creatures vanquished.

Notes
Turn   | Place    | Note
-------+----------+-------------------------------------------
     0 | D:1      | user102938 the Hill Orc Fighter began the quest for the
                  | Orb.
     0 | D:1      | Reached XP level 1. HP: 19/19 MP: 1/1
    23 | D:1      | Reached skill level 3 in Axes
    66 | D:1      | Found a faded altar of an unknown god.
   225 | D:1      | Reached XP level 2. HP: 26/26 MP: 2/2
   287 | D:1      | Reached skill level 4 in Axes
   859 | D:2      | Reached XP level 3. HP: 30/31 MP: 3/3
   994 | D:2      | Found a shimmering altar of Xom.
  1298 | D:2      | Reached skill level 5 in Axes
  1496 | D:2      | Reached XP level 4. HP: 37/39 MP: 4/4
  2215 | D:3      | Found a radiant altar of Vehumet.
  2312 | D:3      | Reached skill level 6 in Axes
  2430 | D:3      | Reached XP level 5. HP: 31/45 MP: 5/5
  2433 | D:3      | Reached skill level 7 in Axes
  3349 | D:4      | Noticed Eustachio
  3420 | D:4      | HP: 2/45 [Eustachio/+0 falchion of freezing (2)]
  3421 | D:4      | Killed Eustachio
  3422 | D:4      | Reached skill level 8 in Axes
  3422 | D:4      | Reached XP level 6. HP: 2/51 MP: 6/6
  3712 | D:4      | Noticed Menkaure
  3727 | D:4      | Killed Menkaure
  3728 | D:4      | Reached skill level 9 in Axes
  3965 | D:4      | Identified the +0 leather armour of Waumeap {Contam Harm
                  | rC+ Regen+}
  4035 | D:4      | Reached XP level 7. HP: 57/57 MP: 7/7
  4118 | D:4      | Noticed Duvessa
  4143 | D:4      | Killed Duvessa
  4144 | D:4      | Reached skill level 10 in Axes
  4173 | D:4      | Noticed Dowan
  4239 | D:4      | Killed Dowan
  4618 | D:5      | Entered Level 5 of the Dungeon
  4619 | D:5      | Found a hazy altar of Hepliaklqana.
  4636 | D:5      | Reached skill level 11 in Axes
  5230 | D:5      | Found a broken altar of Ashenzari.
  5234 | D:5      | Saw a vision of the Shoals and the Snake Pit.
  5234 | D:5      | Noticed a skyshark
  5234 | D:5      | Noticed a merfolk
  5234 | D:5      | Noticed a snapping turtle
  5234 | D:5      | Noticed a sea snake
  5234 | D:5      | Noticed a snapping turtle
  5234 | D:5      | Noticed a merfolk
  5234 | D:5      | Noticed a naga
  5234 | D:5      | Noticed a naga mage
  5234 | D:5      | Noticed a mana viper
  5234 | D:5      | Noticed a mana viper
  5234 | D:5      | Noticed a black mamba
  5234 | D:5      | Noticed a merfolk siren
  5235 | D:5      | Noticed a naga
  5268 | D:5      | Reached skill level 5 in Fighting
  5268 | D:5      | Reached XP level 8. HP: 61/69 MP: 8/8
  5481 | D:6      | Noticed Pikel
  5498 | D:5      | Mangled by Pikel

Illustrated notes

Levels and vault maps discovered:
D:1:      minmay_arrival_open_corners, layout_loops_ring,
          ebering_ecumenical_altar_box, minmay_splitting_lines,
          solitary_fountain
D:2:      layout_basic, basic_altar, lightli_corner_chamber
D:3:      minmay_chambers_of_threes, layout_basic, nicolae_vehumet_altar_sigil,
          nicolae_figureground_pulse
D:4:      layout_loops_ring, uniq_duvessa, uniq_menkaure, uniq_eustachio
D:5:      layout_rooms, grunt_ashenzari_visionary
          [grunt_ashenzari_visionary_shoals, grunt_ashenzari_visionary_snake],
          nicolae_overflow_hidden_temple
D:6:      layout_layer_cave, lemuel_temple_firewalk_b, uniq_pikel

Skill      XL: |  1  2  3  4  5  6  7 |
---------------+----------------------+-----
Axes           | 3 4 5 6 8 9 11 | 11.0
Fighting       | 5 |  5.5
Armour         | |  3.2
Shields        | |  3.2

Action                     |  1- 3 |  4- 6 |  7- 9 || total
---------------------------+-------+-------+-------++-------
  Melee: War axe           |    74 |   150 |    76 ||   300
  Throw: Dart              |     2 |     1 |     5 ||     8
    Use: Potion            |       |     1 |       ||     1
 Armour: Scale mail        |    23 |       |       ||    23
         Chain mail        |    15 |   105 |    26 ||   146
  Dodge: Dodged            |    31 |    62 |    26 ||   119
  Block: Buckler           |    10 |    27 |    16 ||    53
